 Dungeon Crawl Stone Soup version 0.21.1-1-g345015fe64 (webtiles) character file.

1458 Htamos the Basher (level 8, -6/46 HPs)
             Began as a Gargoyle Gladiator on July 3, 2018.
             Was a Believer of Okawaru.
             Mangled by a scorpion (7 damage)
             ... on level 8 of the Dungeon.
             The game lasted 00:17:52 (5890 turns).

Htamos the Basher (Gargoyle Gladiator)              Turns: 5890, Time: 00:17:53

Health: -6/46      AC: 17    Str: 20    XL:     8   Next: 76%
Magic:  8/8        EV:  6    Int:  9    God:    Okawaru [**....]
Gold:   180        SH: 10    Dex: 11    Spells: 7/7 levels left

rFire    + . .     SeeInvis .   a - +1 flail
rCold    x . .     Gourm    .   i - +0 shield
rNeg     + . .     Faith    .   y - +0 chain mail
rPois    ∞         Spirit   .   A - +0 helmet
rElec    +         Reflect  .   (no cloak)
rCorr    .         Harm     +   B - +1 pair of gloves
MR       .....                  (no boots)
Stlth    ..........             H - amulet of harm
HPRegen  0.15/turn              p - ring of fire
MPRegen  0.11/turn              u - ring of stealth

@: no status effects
A: negative energy resistance 1, electricity resistance, unbreathing,
petrification resistance, rot immunity, AC +5
a: Heroism, Renounce Religion


You were on level 8 of the Dungeon.
You worshipped Okawaru.
Okawaru was pleased with you.
You were very hungry.

You visited 2 branches of the dungeon, and saw 8 of its levels.

You collected 285 gold pieces.
You spent 105 gold pieces at shops.

Inventory:

Hand Weapons
 a - a +1 flail (weapon)
Missiles
 d - 3 throwing nets (quivered)
Armour
 c - a +0 helmet
 h - a +0 ring mail
 i - a +0 shield (worn)
 y - a +0 chain mail (worn)
 A - a +0 helmet (worn)
 B - a +1 pair of gloves (worn)
Jewellery
 p - a ring of fire (left hand)
 u - a ring of stealth (right hand)
 C - an uncursed amulet of magic regeneration
 H - an amulet of harm (around neck)
Wands
 j - a wand of paralysis (15)
 r - a wand of iceblast (7)
 E - a wand of acid (8)
 F - a wand of random effects (35)
Scrolls
 b - 3 scrolls of enchant weapon
 k - a scroll of noise {unknown}
 n - 2 scrolls of blinking {unknown}
 q - 2 scrolls of enchant armour {unknown}
 t - 3 scrolls of teleportation {unknown}
 v - a scroll of fog {unknown}
 x - a scroll of random uselessness {unknown}
 G - a scroll of magic mapping {unknown}
Potions
 e - 2 potions of brilliance {unknown}
 l - a potion of haste
 m - 4 potions of agility
 o - 2 potions of lignification
 s - 2 potions of curing
 w - a potion of cancellation
 z - a potion of flight
 D - 2 potions of degeneration {unknown}
Books
 g - a book of Battle

   Spells                             Type                      Level
   a - Infusion                       Charms                       1
   b - Shroud of Golubria             Charms/Translocation         2
   c - Song of Slaying                Charms                       2
   d - Spectral Weapon                Hexes/Charms                 3
   e - Regeneration                   Charms/Necromancy            3
Comestibles
 f - 8 rations


   Skills:
 + Level 3.5 Fighting
 * Level 8.3 Maces & Flails
 - Level 1.7 Throwing
 + Level 3.0 Armour
 - Level 2.6 Dodging
 * Level 6.2 Shields


You had 7 spell levels left.
You didn't know any spells.

Dungeon Overview and Level Annotations

Branches:
Dungeon (6/15)             Temple (1/1) D:4            Lair (0/6) D:8

Altars:
Ashenzari
Dithmenos
Elyvilon
Fedhas
Gozag
Makhleb
Nemelex Xobeh
Okawaru
Sif Muna
Trog
Xom
The Shining One

Shops:
D:4 *   D:5 ?

Annotations:
D:8 Prince Ribbit


Innate Abilities, Weirdness & Mutations

You are resistant to torment.
Your stone body is resilient. (AC +5)
You are immune to poison.
You resist negative energy. (rN+)
You are resistant to electric shocks. (rElec)
You can survive without breathing.
You are immune to petrification.
You are immune to rotting.


Message History

You sock the porcupine!
The porcupine is almost dead.
You block the porcupine's attack.
Prince Ribbit blinks!
You closely miss the porcupine.
The porcupine is almost dead.
You are feeling very hungry.
You block the porcupine's attack.
You are struck by the porcupine's spines.
* * * LOW HITPOINT WARNING * * *
You closely miss the porcupine.
The porcupine is almost dead.
The porcupine closely misses you.
Prince Ribbit blinks!
You are struck by the porcupine's spines.
* * * LOW HITPOINT WARNING * * *
You hit the porcupine.
You kill the porcupine!
Okawaru accepts your kill.
Your Armour skill increases to level 3!
You closely miss the scorpion. The scorpion stings you.
You die...
P>PPP..PP......
PP..P.F.P.P.# PPP.PPP.PP..#

.P.P.P..P..##
P.PPP...h.P#
PPPPP..P.###
..P.P....#
..P..###.####.##.#
#.#.....Fs@.......
.###.###.#########
...# #####


You could see Prince Ribbit and a scorpion.

Vanquished Creatures
  Grinder (D:5)
  A porcupine (D:8)
  2 ogres
  A black bear (D:8)
  A centaur (D:5)
  2 bullfrogs (D:8)
  2 scorpions
  2 centaur skeletons (D:4)
  2 hounds
  3 orc priests
  A bullfrog skeleton (D:5)
  An orc wizard (D:5)
  Jessica (D:2)
  2 iguanas (D:5)
  2 worker ants
  Robin (D:4)
  4 gnolls
  7 adders
  2 oozes (D:1)
  An adder skeleton (D:5)
  3 worms
  2 dart slugs (D:2)
  A leopard gecko (D:6)
  14 orcs
  A ball python (D:4)
  11 bats
  6 giant cockroaches
  4 hobgoblins
  6 jackals
  5 quokkas
  4 frilled lizards
  14 goblins
  A jackal zombie (D:5)
  7 kobolds
  A leopard gecko skeleton (D:4)
  3 rats
122 creatures vanquished.

Vanquished Creatures (others)
  A bush (D:5)
1 creature vanquished.

Grand Total: 123 creatures vanquished

Notes
Turn   | Place    | Note
-------+----------+-------------------------------------------
     0 | D:1      | Htamos the Gargoyle Gladiator began the quest for the Orb.
     0 | D:1      | Reached XP level 1. HP: 12/12 MP: 1/1
   192 | D:1      | Reached XP level 2. HP: 17/17 MP: 2/2
   653 | D:2      | Reached XP level 3. HP: 19/21 MP: 3/3
   670 | D:2      | Reached skill level 4 in Maces & Flails
   854 | D:2      | Reached XP level 4. HP: 21/26 MP: 4/4
   913 | D:2      | Reached skill level 1 in Shields
  1771 | D:3      | Noticed Jessica
  1780 | D:2      | Killed Jessica
  1780 | D:2      | Reached skill level 1 in Armour
  1780 | D:2      | Reached XP level 5. HP: 30/31 MP: 5/5
  2168 | D:3      | Found a sparkling altar of Nemelex Xobeh.
  2172 | D:3      | Reached skill level 5 in Maces & Flails
  2201 | D:3      | Found a white marble altar of Elyvilon.
  2683 | D:4      | Reached XP level 6. HP: 36/36 MP: 6/6
  2853 | D:4      | Noticed Robin
  2904 | D:4      | Killed Robin
  2979 | D:4      | Found Gozag's Platinum Reserve.
  3038 | D:4      | Found an opulent altar of Gozag.
  3142 | D:4      | Found a staircase to the Ecumenical Temple.
  3147 | Temple   | Entered the Ecumenical Temple
  3174 | Temple   | Became a worshipper of Warmaster Okawaru
  3444 | D:4      | Noticed Grinder
  3463 | D:4      | Reached skill level 6 in Maces & Flails
  3463 | D:4      | Reached XP level 7. HP: 14/40 MP: 7/7
  3830 | D:5      | Entered Level 5 of the Dungeon
  4725 | D:5      | Found Vumnifuo's Magic Scroll Shop.
  4741 | D:5      | Bought a scroll of enchant weapon for 105 gold pieces
  4750 | D:5      | Paralysed by Grinder for 5 turns
  4793 | D:5      | Killed Grinder
  4793 | D:5      | Reached * piety under Okawaru
  4793 | D:5      | Reached skill level 5 in Shields
  4793 | D:5      | Reached XP level 8. HP: 32/46 MP: 8/8
  4871 | D:5      | Found a deep blue altar of Sif Muna.
  4899 | D:5      | Reached skill level 7 in Maces & Flails
  5837 | D:6      | You fall through a shaft for 2 floors!
  5837 | D:8      | Found a staircase to the Lair.
  5837 | D:8      | Noticed Prince Ribbit
  5875 | D:8      | Reached ** piety under Okawaru
  5875 | D:8      | Reached skill level 8 in Maces & Flails
  5889 | D:8      | HP: 1/46 [porcupine's spines (13)]
  5890 | D:8      | Mangled by a scorpion

Skill      XL: |  1  2  3  4  5  6  7  8 |
---------------+-------------------------+-----
Maces & Flails | 4 5 6 8 |  8.3
Shields        | 2 3 4 5 6 |  6.2
Armour         | 1 2 3 |  3.0
Fighting       | 3 |  3.5
Throwing       | |  1.7
Dodging        | |  2.6

Action                   |  1- 3 |  4- 6 |  7- 9 || total
-------------------------+-------+-------+-------++-------
Melee: Flail             |   106 |   302 |   224 ||   632
  Use: Scroll            |       |       |     9 ||     9
 Stab: Sleeping          |     1 |       |       ||     1
  Eat: Chunk             |       |     9 |     7 ||    16
Armor: Leather armour    |     6 |       |       ||     6
       Ring mail         |    67 |    91 |       ||   158
       Chain mail        |       |    88 |   105 ||   193
Dodge: Dodged            |    53 |   108 |    45 ||   206
Block: Shield            |    58 |   169 |   112 ||   339
